 Dungeon Crawl Stone Soup version 0.28-a0-297-g99b01970c5 (webtiles) character file.

Game seed: 4603059438781694778

88 EnegeticOcto the Slasher (level 4, 0/35 HPs)
             Began as a Mummy Cinder Acolyte on Aug 29, 2021.
             Was a High Priest of Ignis.
             Slain by an iguana (13 damage)
             ... on level 5 of the Dungeon.
             The game lasted 00:04:53 (3216 turns).

EnegeticOcto the Slasher (Mummy Cinder Acolyte)     Turns: 3216, Time: 00:04:54

Health: 0/35       AC:  2    Str: 18    XL:     4   Next: 29%
Magic:  6/7        EV: 11    Int: 13    God:    Ignis [*****.]
Gold:   164        SH:  0    Dex:  7    Spells: 6/7 levels left

rFire   . . .      SeeInvis .   a - -1 falchion (flame)
rCold   + . .      Faith    .   (no shield)
rNeg    + + +      Spirit   .   b - +0 robe
rPois   ∞          Reflect  .   (no helmet)
rElec   .          Harm     .   (no cloak)
rCorr   .          Rampage  .   (no gloves)
Will    .....                   (no boots)
Stlth   ++........              d - amulet of regeneration
HPRegen 1.11/turn               h - ring of flight
MPRegen 0.10/turn               (no ring)

@: flying, very slightly contaminated
A: cold resistance 1, negative energy resistance 3, torment resistance 2, heat
vulnerability 1, no potions
a: Renounce Religion, Sea of Fire, Foxfire Swarm, Rising Flame


You were on level 5 of the Dungeon.
You worshipped Ignis.
Ignis was extremely pleased with you.
You visited 1 branch of the dungeon, and saw 5 of its levels.

You collected 164 gold pieces.

Inventory:

Hand Weapons
 a - a -1 falchion of flaming (weapon)
Missiles
 g - 17 poisoned darts
Armour
 b - a +0 robe (worn)
Jewellery
 d - an amulet of regeneration (around neck)
   (You found it on level 2 of the Dungeon)
 h - a ring of flight (left hand)
   (You found it on level 3 of the Dungeon)
Wands
 j - a wand of digging (5) {@v3}
   (You found it on level 4 of the Dungeon)
Scrolls
 c - a scroll of noise
 e - a scroll of identify {@r1}
 f - a scroll of blinking {@r4}
 i - a scroll of summoning {unknown}
 k - a scroll of amnesia {unknown}


   Skills:
 - Level 3.0 Fighting
 + Level 3.2 Long Blades
 - Level 2.0 Stealth
 - Level 2.0 Spellcasting
 - Level 1.0 Conjurations
 - Level 1.0 Fire Magic


You had 6 spell levels left.
You knew the following spells:

 Your Spells              Type           Power      Damage    Failure   Level
b - Foxfire               Conj/Fire      12%        2x1d4     17%         1

Your spell library contained the following spells:

 Spells                   Type           Power      Damage    Failure   Level
 Corpse Rot               Necr/Air       N/A        N/A       36%         2
 Ensorcelled Hibernation  Hex/Ice        2%         N/A       36%         2
 Dispel Undead            Necr           1%         3d6       94%         4
 Summon Forest            Summ/Tloc      0%         N/A       100%        5
 Death Channel            Necr           0%         N/A       100%        6
 Eringya's Noxious Bog    Tmut/Pois      0%         N/A       100%        6
 Shadow Creatures         Summ           N/A        N/A       100%        6
 Summon Hydra             Summ           0%         N/A       100%        7
 Spider Form              Tmut/Pois      Unusable   N/A       N/A         3

Dungeon Overview and Level Annotations

Branches:
Dungeon (5/15)
 Temple: D:4-7

Altars:
Dithmenos
Fedhas

Annotations:
D:3 3 runed translucent doors, exclusion: iguana, blacksnow's ghost, weakling HOFi
D:4 exclusions: howler monkey, iguana and 2 more exclusions, Blork the orc; Duvessa; Eustachio


Innate Abilities, Weirdness & Mutations

You are immune to poison.
Your flesh is cold resistant. (rC+)
You are immune to negative energy. (rN+++)
You are immune to unholy pain and torment.
You are vulnerable to heat. (rF-)
You do not drink.


Message History

There is an open door here.
Found a stone staircase leading down.
You pick up a book of Decay and begin reading...
You add the spells Corpse Rot, Dispel Undead and Death Channel to your library.
You now have 164 gold pieces (gained 9).
Duvessa, Sister of Dowan comes into view.
She is wielding a +0 rapier of holy wrath.
Press: ? - help, v - describe, . - travel
Here: Duvessa, wielding a +0 rapier of holy wrath and wearing a +0 scale mail (asleep)
The floor.
Placed new exclusion.
Found a chain mail.
k - a scroll labelled HAZIURPHUVEWA Blork the orc comes into view.
He is wielding a +0 long sword.
Press: ? - help, v - describe, . - travel
Here: Blork the orc, wielding a +0 long sword and wearing a +0 robe (asleep)
The floor.
Placed new exclusion.
You reach down and open the door.
Found a blossoming altar of Fedhas.
Found a stone staircase leading up.
Found a stone staircase leading up.
There is an open door here.
There is a stone staircase leading up here.
There is an open door here.
There is an open door here.
There is a stone staircase leading down here.
There is a fountain of clear blue water here.
Eustachio the Magnificent comes into view.
He is wielding a +0 rapier.
Found a scroll labelled HAZIURPHUVEWA.
Press: ? - help, v - describe, . - travel, g - get item
Here: Eustachio, wielding a +0 rapier and wearing a +0 leather armour (asleep) Item here: a scroll labelled HAZIURPHUVEWA.
The floor.
Placed new exclusion.
There is a fountain of clear blue water here.
There is a stone staircase leading up here.
There is an open door here.
There is a stone staircase leading up here.
There is an open door here.
There is an open door here.
Partly explored, can't reach some items and places.
Partly explored, can't reach some items and places.
(D) Dungeon
Where to? (Enter - D:4, ? - help)
There is a stone staircase leading down here.
You fly downwards.
The iguana hisses angrily.
There is a stone staircase leading up here.
An iguana is nearby!
Casting: Foxfire (safe; 17% risk of failure)
Confirm with . or Enter, or press ? or * to list all spells.
You conjure some foxfire!
The foxfire hits the iguana but does no damage.
You hit the iguana but do no damage.
The foxfire hits the iguana but does no damage.
You slash the iguana! You burn the iguana.
The iguana is severely wounded.
The iguana bites you.
You barely miss the iguana.
The iguana is severely wounded.
The iguana bites you!
You closely miss the iguana.
The iguana is severely wounded.
The iguana bites you!
You barely miss the iguana.
The iguana is severely wounded.
The iguana bites you.
You hit the iguana but do no damage.
The iguana is severely wounded.
The iguana barely misses you.
You hit the iguana. You burn the iguana.
The iguana is almost dead.
The iguana bites you. The iguana completely misses you.
You hit the iguana but do no damage.
The iguana is almost dead.
The iguana closely misses you.
You hit the iguana. You burn the iguana.
The iguana is almost dead.
The iguana bites you!
* * * LOW HITPOINT WARNING * * *
The iguana bites you but does no damage.
You hit the iguana but do no damage.
The iguana is almost dead.
The iguana closely misses you.
You hit the iguana but do no damage.
The iguana is almost dead.
The iguana bites you!
* * * LOW HITPOINT WARNING * * *
Casting: Foxfire (safe; 17% risk of failure)
Confirm with . or Enter, or press ? or * to list all spells.
You miscast Foxfire.
You are very lightly contaminated with residual magic.
Nothing appears to happen.
The iguana misses you.
You barely miss the iguana.
The iguana is almost dead.
The iguana misses you.
You barely miss the iguana.
The iguana is almost dead.
The iguana bites you!
You die...

.......<+
###.....#
#####.# #.#
#####.#
##.#...#
#......#
##..l...#
#..@..#.#
#.......#...
.......####.###
.....## #..
###.# .# ##


You could see an iguana.

Vanquished Creatures
  3 adders
  A worm (D:3)
  2 dart slugs (D:3)
  An orc (D:3)
  2 ball pythons (D:2)
  2 bats
  8 endoplasms
  3 giant cockroaches (D:1)
  2 hobgoblins (D:1)
  3 jackals (D:2)
  4 kobolds
  3 quokkas
  5 frilled lizards
  7 goblins
  3 rats
49 creatures vanquished.

Vanquished Creatures (others)
  126 foxfires
126 creatures vanquished.

Grand Total: 175 creatures vanquished

Notes
Turn   | Place    | Note
-------+----------+-------------------------------------------
     0 | D:1      | EnegeticOcto the Mummy Cinder Acolyte began the quest for
                  | the Orb.
     0 | D:1      | Reached XP level 1. HP: 18/18 MP: 2/2
    98 | D:1      | Reached skill level 1 in Stealth
   141 | D:1      | Reached XP level 2. HP: 22/24 MP: 2/4
   412 | D:1      | Reached skill level 2 in Stealth
   435 | D:1      | Reached skill level 1 in Fire Magic
   673 | D:2      | Found a faded altar of an unknown god.
   686 | D:2      | Reached XP level 3. HP: 25/29 MP: 0/5
   690 | D:2      | Reached skill level 1 in Conjurations
  1344 | D:3      | Reached skill level 2 in Spellcasting
  1409 | D:3      | Found a runed translucent gate.
  1409 | D:3      | Found a runed translucent gate.
  1409 | D:3      | Found a runed translucent gate.
  1410 | D:3      | Noticed blacksnow's ghost (weakling HOFi)
  1722 | D:3      | Reached skill level 3 in Long Blades
  1722 | D:3      | Reached XP level 4. HP: 33/35 MP: 2/7
  2314 | D:3      | Found a shadowy altar of Dithmenos.
  2736 | D:4      | Noticed Duvessa
  2764 | D:4      | Noticed Blork the orc
  2766 | D:4      | Found a blossoming altar of Fedhas.
  2958 | D:4      | Noticed Eustachio
  3193 | D:5      | Entered Level 5 of the Dungeon
  3216 | D:5      | Slain by an iguana

Illustrated notes

Levels and vault maps discovered:
D:1:      mrwooster_arrival_statue_3, layout_rooms
D:2:      layout_loops_ring, hellmonk_ecumenical_altar_arch_garden
D:3:      layout_loops_ring, mainiacjoe_overflow_alcove_4, gammafunk_ghost_split
D:4:      layout_basic, mainiacjoe_overflow_surrounded_room,
          minmay_temple_entry_nine_rooms, uniq_eustachio, uniq_duvessa,
          uniq_blork_the_orc
D:5:      layout_basic, nicolae_tso_carved_into_rock,
          chequers_serial_rivers_large_a, wad_floor_pattern_untrapped

Skill      XL: |  1  2  3 |
---------------+----------+-----
Stealth        | 1 2 |  2.0
Fire Magic     | 1 |  1.0
Conjurations   | 1 |  1.0
Spellcasting   | 2 |  2.0
Long Blades    | 3 |  3.2
Fighting       | |  3.0

Action                   |  1- 3 |  4- 6 || total
-------------------------+-------+-------++-------
Melee: Falchion          |    62 |    34 ||    96
 Cast: Foxfire           |    56 |    12 ||    68
  Use: Scroll            |     2 |       ||     2
 Stab: Sleeping          |     1 |       ||     1
Armor: Robe              |    20 |     4 ||    24
Dodge: Dodged            |    35 |    15 ||    50

Table legend: (Time is in decaauts)
 A = Elapsed time spent in this place.
 B = Non-inter-level travel time spent in this place.
 C = Inter-level travel time spent in this place.
 D = Time resting spent in this place.
 E = Time spent auto-exploring this place.
 F = Levels seen in this place.
 G = Mean time per level.
                   A        B        C        D        E       F      G
               +--------+--------+--------+--------+--------+-----+--------+
         Total |   3230 |   3118 |    112 |      0 |   2625 |   5 |  646.0 |
       Dungeon |   3230 |   3118 |    112 |      0 |   2625 |   5 |  646.0 |
               +--------+--------+--------+--------+--------+-----+--------+

Top non-repeatable levels by time:
     D:3: 1241 daAuts
     D:2: 682 daAuts
     D:1: 641 daAuts
     D:4: 640 daAuts
     D:5: 24 daAuts
